Match 45854450
Unlisted

Match 45854450
End
Selects Airborne Battlegroup
Selects Heavy Machine Gun Paradrop
Heavy Machine Gun Paradrop
Construct Barracks
Riflemen Squad
Heavy Machine Gun Paradrop
M1 Mortar Team
Selects Paratrooper Squad Paradrop
Construct Medical Station
Construct Medical Station
Grenade Package
Paratrooper Squad Paradrop
M1 Mortar Team
Mechanized Support Center
Paratrooper Squad Paradrop
Construct Tank Depot
Selects Anti-tank Gun Team Paradrop
M4A1 76mm Conversion
Heavy Machine Gun Paradrop
Selects Recon Loiter
Selects Supply Drop
Recon Loiter
M4A1(76) Sherman Medium Tank
Heavy Machine Gun Paradrop
Designate Forward Repair Station
Selects Carpet Bombing Run
Carpet Bombing Run
M4A1(76) Sherman Medium Tank
Recon Loiter
Anti-tank Gun Team Paradrop
Riflemen Squad
M4A1(76) Sherman Medium Tank
Recon Loiter
Designate Forward Repair Station
Supply Drop
Anti-tank Gun Team Paradrop
Recon Loiter
Carpet Bombing Run
potatoo
起飞!
咖喱
stock726
ClockworkVex
保持心态
HHHCARL92
不可抱萌物
0
0

Comments sign in to comment!

No comments posted yet!